 Dungeon Crawl Stone Soup version 0.22-a0-799-g88f5e907b7 (webtiles) character file.

520 Htamos the Skirmisher (level 7, -1/56 HPs)
             Began as a Mummy Chaos Knight on July 21, 2018.
             Slain by Pikel the warg (7 damage)
             ... on level 3 of the Dungeon.
             The game lasted 00:16:07 (3843 turns).

Htamos the Skirmisher (Mummy Chaos Knight)          Turns: 3843, Time: 00:16:07

Health: -1/56      AC: 12    Str: 16    XL:     7   Next: 1%
Magic:  7/7        EV:  5    Int: 11    God:    Xom [...*..]
Gold:   151        SH:  0    Dex: 13    Spells: 6/6 levels left

rFire    x . .     SeeInvis .   a - +0 spear (chaos)
rCold    + . .     Gourm    .   (no shield)
rNeg     + + +     Faith    .   l - +1 plate armour
rPois    ∞         Spirit   .   (no helmet)
rElec    .         Reflect  .   h - scarf {cloud immunity}
rCorr    .         Harm     .   (no gloves)
MR       .....                  (no boots)
Stlth    ..........             (no amulet)
HPRegen  0.18/turn              (no ring)
MPRegen  0.10/turn              (no ring)

@: no status effects
A: no food or potions, fire vulnerability, cold resistance 1, negative energy
resistance 3, torment resistance, unbreathing
a: Renounce Religion


You were on level 3 of the Dungeon.
You worshipped Xom.
You were a favourite toy of Xom.
You were not hungry.

You visited 1 branch of the dungeon, and saw 4 of its levels.

You collected 151 gold pieces.

Inventory:

Hand Weapons
 a - a +0 spear of chaos (weapon)
 d - a +0 dagger of venom
Armour
 b - a +2 leather armour
 f - a +0 ring mail
 h - a scarf of cloud immunity (worn)
 i - a +0 chain mail
 l - a +1 plate armour (worn)
Magical Staves
 o - an uncursed staff of poison
Scrolls
 c - 3 scrolls of identify
 g - 2 scrolls of remove curse
 j - a scroll of amnesia
 k - 3 scrolls of magic mapping
 n - 2 scrolls of enchant armour


   Skills:
 * Level 5.1 Fighting
 * Level 4.3 Polearms
 - Level 2.9 Armour
 - Level 2.4 Dodging


You had 6 spell levels left.
You didn't know any spells.
Your spell library was empty.

Dungeon Overview and Level Annotations

Branches:
Dungeon (4/15)
 Temple: D:4-7

Altars:
Okawaru
Xom

Annotations:
D:3 Pikel


Innate Abilities, Weirdness & Mutations

You do not eat or drink.
Your flesh is vulnerable to fire.
You are immune to poison.
Your flesh is cold resistant. (rC+)
You are immune to negative energy. (rN+++)
You are immune to unholy pain and torment.
You can survive without breathing.


Message History

You feel better.
That item cannot be evoked!
Your plate armour prevents you from hitting Pikel.
Pikel is lightly wounded.
Pikel bites you.
* * * LOW HITPOINT WARNING * * *
Pikel bites you!
* * * LOW HITPOINT WARNING * * *
As you read the scroll of fear, it crumbles to dust.
You assume a fearsome visage.
Pikel resists with some effort.
The slave looks frightened!
Pikel bites you.
* * * LOW HITPOINT WARNING * * *
Okay, then.
That item cannot be evoked!
Wield which item (- for none, * to show all)? (? for menu, Esc to quit)
Your +0 spear of chaos is briefly surrounded by a scintillating aura of random colours.
a - a +0 spear of chaos (weapon)
Pikel bites you!
You die...
Xom howls with laughter!

#.# #.# #......(# #.#####.#
#.#####.# #.......# #.# #(##
#.......####.# #..#### ##
#........!.#.#####._...# .#
#######.##.#.#......##.# .#
#......#...#.####.##.#
.######......#####_####.##.#
......+.........@h.p..)[>#.#
....###......#####.####[##.#
.#..###............# #.##.#
..............#########.##%####
......................#.##....#
..#.#########.#######.#.##.##.#
.)...###......#).##...#.#####†#
.##..#...###.....##.###.#.....#
.##..#.######.#.###.# #.#.#####


You could see Pikel the warg and a slave (fleeing).

Vanquished Creatures
  Grinder (D:3)
  A slave (D:3)
  Purgy (D:3)
  An orc wizard (D:3)
  A gnoll (D:2)
  6 adders
  An ooze (D:3)
  A worm (shapeshifter) (D:3)
  2 worms (D:2)
  A dart slug (D:2)
  3 leopard geckos
  An orc (D:3)
  4 giant cockroaches
  9 goblins
  6 hobgoblins
  6 jackals
  A quokka (D:3)
  A bat (shapeshifter) (D:3)
  6 bats
  7 frilled lizards
  13 kobolds
  A rat (shapeshifter) (D:1)
  18 rats
92 creatures vanquished.

Vanquished Creatures (collateral kills)
  An orc wizard (D:4)
  An orc priest (D:4)
  2 orcs (D:4)
4 creatures vanquished.

Grand Total: 96 creatures vanquished

Notes
Turn   | Place    | Note
-------+----------+-------------------------------------------
     0 | D:1      | Htamos the Mummy Chaos Knight began the quest for the Orb.
     0 | D:1      | Reached XP level 1. HP: 18/18 MP: 1/1
   162 | D:1      | Reached skill level 1 in Dodging
   179 | D:1      | Reached XP level 2. HP: 24/24 MP: 2/2
   253 | D:1      | XOM: divination: magic mapping
   486 | D:1      | XOM: divination: detect creatures
   510 | D:1      | XOM: divination: detect creatures
   735 | D:1      | Reached XP level 3. HP: 25/29 MP: 3/3
   791 | D:1      | XOM: mild Tmut miscast
  1064 | D:2      | XOM: 1-stop teleportation journey
  1344 | D:2      | Reached XP level 4. HP: 36/36 MP: 4/4
  1564 | D:2      | XOM: harmless Conj miscast
  1809 | D:2      | Found an iron altar of Okawaru.
  1810 | D:2      | XOM: confuse monster(s)
  2270 | D:3      | XOM: potion effect (might)
  2281 | D:3      | Reached skill level 4 in Fighting
  2285 | D:3      | Reached XP level 5. HP: 24/42 MP: 5/5
  2435 | D:3      | Noticed Purgy
  2438 | D:3      | XOM: harmless Chrm miscast
  2443 | D:3      | XOM: potion effect (brilliance)
  2444 | D:3      | XOM: potion effect (brilliance)
  2449 | D:3      | Killed Purgy
  2454 | D:3      | Noticed Grinder
  2468 | D:3      | XOM: potion effect (heal wounds)
  2470 | D:3      | XOM: potion effect (haste)
  2472 | D:3      | XOM: divination: detect items
  2483 | D:3      | XOM: scenery: create altars
  2495 | D:3      | Killed Grinder
  2495 | D:3      | Reached skill level 5 in Fighting
  2495 | D:3      | Reached XP level 6. HP: 46/51 MP: 6/6
  2821 | D:3      | XOM: cloud trail
  3291 | D:4      | XOM: summons 6 friendly demons
  3298 | D:4      | Reached XP level 7. HP: 55/56 MP: 7/7
  3338 | D:4      | Noticed Pikel
  3355 | D:4      | XOM: scenery: 1 doors open
  3359 | D:4      | XOM: confuse monster(s)
  3402 | D:3      | XOM: scenery: create altars
  3454 | D:3      | XOM: god gift: thick jewelled staff {god gift}
  3512 | D:4      | HP: 1/56 [slave[Pikel] (6)]
  3586 | D:4      | XOM: 2-stop teleportation journey
  3821 | D:3      | XOM: scenery: create altars
  3827 | D:3      | Noticed Pikel
  3827 | D:3      | Pikel changed into Pikel the warg
  3827 | D:3      | XOM: polymorph Pikel -> Pikel the warg
  3839 | D:3      | XOM: potion effect (curing)
  3843 | D:3      | Slain by Pikel the warg

Vault maps used:
D:1:      dpeg_arrival_central
D:2:      okawaru_altar_gauntlet_db, kennysheep_generic_room_14
D:3:      portal_sewer_entry_d, uniq_grinder, uniq_purgy
D:4:      lemuel_crystal_altar, first_ration, nrook_loot_triangle,
          kennysheep_generic_room_13, uniq_pikel, uniq_menkaure, uniq_duvessa

Skill      XL: |  1  2  3  4  5 |
---------------+----------------+-----
Dodging        | 1 2 |  2.4
Armour         | 2 |  2.9
Polearms       | 3 4 |  4.3
Fighting       | 4 5 |  5.1

Action                   |  1- 3 |  4- 6 |  7- 9 || total
-------------------------+-------+-------+-------++-------
Melee: Spear             |   110 |   198 |    37 ||   345
       Staff             |       |       |    16 ||    16
  Use: Scroll            |       |     6 |     4 ||    10
 Stab: Sleeping          |     1 |     1 |       ||     2
       Paralysed         |     1 |     8 |     9 ||    18
       Confused          |       |       |     2 ||     2
Armor: Leather armour    |    30 |    58 |     3 ||    91
       Plate armour      |       |       |    12 ||    12
Dodge: Dodged            |    31 |    78 |    12 ||   121

Table legend:
 A = Spawn XP
 B = Non-spawn XP
 C = Spawn XP percentage of total XP
 D = Spawn monster count
 E = Non-spawn monster count
 F = Spawn count percentage of total count
 G = Total turns spent on level
                    A         B        C        D         E        F      G
               +---------+---------+-------+---------+---------+-------+---------
         Total |       0 |     744 |   0.0 |       0 |      94 |   0.0 |  3843
               +---------+---------+-------+---------+---------+-------+---------
           D:1 |       0 |      43 |   0.0 |       0 |      30 |   0.0 |   996
           D:2 |       0 |     114 |   0.0 |       0 |      31 |   0.0 |  1225
           D:3 |       0 |     539 |   0.0 |       0 |      28 |   0.0 |  1297
           D:4 |       0 |      48 |   0.0 |       0 |       5 |   0.0 |   325
               +---------+---------+-------+---------+---------+-------+---------
